 Dungeon Crawl Stone Soup version 0.23.2-40-g277498a001 (webtiles) character file.

Game seed: 13152526913492485513

1487 MisterOstroum the Fighter (level 8, -5/74 HPs)
             Began as a Minotaur Abyssal Knight on Sept 13, 2019.
             Was a Priest of Lugonu.
             Slain by an orc warrior
             ... wielding a cursed +0 glaive
              (21 damage)
             ... on level 5 of the Dungeon.
             The game lasted 00:11:36 (6130 turns).

MisterOstroum the Fighter (Minotaur Abyssal Knight) Turns: 6130, Time: 00:11:37

Health: -5/74      AC: 12    Str: 23    XL:     8   Next: 50%
Magic:  10/10      EV:  9    Int:  9    God:    Lugonu [***...]
Gold:   276        SH:  2    Dex:  9    Spells: 7/7 levels left

rFire    . . .     SeeInvis .   a - +1 spear
rCold    . . .     Gourm    .   q - +0 buckler
rNeg     + . .     Faith    .   g - +0 scale mail
rPois    .         Spirit   .   (helmet restricted)
rElec    .         Reflect  .   l - +1 cloak
rCorr    .         Harm     .   p - +0 pair of gloves
MR       .....                  r - +1 pair of boots
Stlth    ..........             (no amulet)
HPRegen  0.22/turn              j - +3 ring of strength
MPRegen  0.12/turn              y - ring of positive energy

@: marked
A: retaliatory headbutt, horns 2
a: Depart the Abyss, Bend Space, Banish, Renounce Religion


You were on level 5 of the Dungeon.
You worshipped Lugonu.
Lugonu was most pleased with you.
You were not hungry.

You visited 1 branch of the dungeon, and saw 8 of its levels.
You visited the Abyss 1 time.

You collected 276 gold pieces.

Inventory:

Hand Weapons
 a - a +1 spear (weapon)
 w - a +0 trident
Missiles
 c - 187 stones (quivered)
 s - 7 tomahawks of returning
 v - 4 javelins
Armour
 g - a +0 scale mail (worn)
 l - a +1 cloak (worn)
 p - a +0 pair of gloves (worn)
 q - a +0 buckler (worn)
 r - a +1 pair of boots (worn)
Jewellery
 j - a +3 ring of strength (left hand)
 y - a ring of positive energy (right hand)
Scrolls
 f - a scroll of teleportation {@r3 !r}
 i - a scroll of enchant armour
 k - 6 scrolls of identify {unknown}
 m - a scroll of remove curse {unknown}
 n - a scroll of immolation {unknown}
 o - a scroll of enchant weapon {unknown}
 u - 2 scrolls of fear {unknown}
 x - a scroll of noise {unknown}
 z - 4 scrolls of fog
 A - 2 scrolls of amnesia {unknown}
Potions
 h - a potion of might {@q3 !q}
Comestibles
 d - 3 chunks of flesh
 e - 4 rations


   Skills:
 + Level 8.2 Fighting
 + Level 8.2 Polearms
 - Level 4.2 Armour
 - Level 1.1 Dodging
 + Level 5.1 Invocations


You had 7 spell levels left.
You didn't know any spells.
Your spell library was empty.

Dungeon Overview and Level Annotations

Branches:
Dungeon (8/15)
 Temple: D:4-7         Lair: D:8-11

Altars:
Elyvilon
Kikubaaqudgha
Makhleb
Qazlal
The Shining One


Innate Abilities, Weirdness & Mutations

You reflexively headbutt those who attack you in melee.
You have a pair of horns on your head.


Message History

No target in view!
No target in view!
No target in view!
No target in view!
You butcher the giant cockroach corpse.
d - 3 chunks of flesh (gained 2)
Found 27 sling bullets.
Found a leather armour.
No target in view!
No target in view!
c - 187 stones (gained 24)
You see here a buckler.
q - a buckler Wear which item? (? for menu, Esc to quit)
You start putting on your armour.
You continue putting on your buckler. x4
You finish putting on your +0 buckler.
Wear which item? (? for menu, Esc to quit)
You start putting on your armour.
You continue putting on your pair of gloves. x4
You finish putting on your +0 pair of gloves.
Wear which item? (? for menu, Esc to quit)
You start putting on your armour.
You continue putting on your runed cloak. x4
You finish putting on your +1 cloak.
Drop what? 26/52 slots (_ for help) (? for menu, Esc to quit)
You drop a +0 leather armour.
Inscribe which item? (? for menu, Esc to quit)
Okay, then.
Put on which piece of jewellery? (? for menu, Esc to quit)
y - a ring of positive energy (right hand)
There is an open door here.
You open the door.
There is an open door here.
An orc warrior comes into view. It is wielding a +0 glaive.
The orc warrior shouts!
You hear an angry hiss.
An orc warrior is nearby!
An orc warrior is nearby!
The orc warrior pulls the alarm!
The alarm trap emits a blaring wail!
A sentinel's mark forms upon you.
You hear an angry hiss.
You hear a shout!
The orc warrior barely misses you.
Attack whom?
Press: ? - help, Dir - move target cursor, f - orc warrior
Aim: an orc warrior, wielding a +0 glaive and wearing a +0 plate armour You reach to attack!
You hit the orc warrior but do no damage.
The orc warrior hits you from afar with a cursed +0 glaive!
You are too injured to fight recklessly!
You are too injured to fight recklessly!
You are too injured to fight recklessly!
You are too injured to fight recklessly!
You are too injured to fight recklessly!
You are too injured to fight recklessly!
You are too injured to fight recklessly!
You are too injured to fight recklessly!
You are too injured to fight recklessly!
You are too injured to fight recklessly!
You are too injured to fight recklessly!
You are too injured to fight recklessly!
You are too injured to fight recklessly!
You are too injured to fight recklessly!
You are too injured to fight recklessly!
You are too injured to fight recklessly!
You are too injured to fight recklessly!
You are too injured to fight recklessly!
You are too injured to fight recklessly!
You hit the orc warrior.
The orc warrior is lightly wounded.
The orc warrior hits you with a cursed +0 glaive!
You hit the orc warrior but do no damage.
You headbutt the orc warrior.
The orc warrior is lightly wounded.
An adder comes into view.
The orc warrior misses you.
You hit the orc warrior. Your headbutt misses the orc warrior.
The orc warrior is moderately wounded.
Your shield and scale mail prevent you from hitting the orc warrior.
The orc warrior is moderately wounded.
The orc warrior hits you with a cursed +0 glaive!
You closely miss the orc warrior.
The orc warrior is moderately wounded.
The adder bites you but does no damage.
You closely miss the orc warrior. Your headbutt misses the orc warrior.
The orc warrior is moderately wounded.
The orc warrior misses you. You furiously retaliate!
You headbutt the orc warrior! The adder barely misses you.
You barely miss the orc warrior.
The orc warrior is severely wounded.
The adder barely misses you.
The orc warrior hits you with a cursed +0 glaive!!
* * * LOW HITPOINT WARNING * * *
You closely miss the orc warrior.
The orc warrior is severely wounded.
The adder misses you.
You hit the orc warrior but do no damage.
Your headbutt misses the orc warrior.
The orc warrior is severely wounded.
The orc warrior hits you with a cursed +0 glaive!!
You die...

# #.# # #.#####
############# #
#..#..###...#.[#.(#[#
#
#.......###...##.##.#
#
#.##......###....#..#
#
#.##'#......###....##
#
#.##.###......###...#
#
#.##...###......###.#
#
#.####.@S###......#'#
# #.#
###o..###......# #
#.# #..##......##
##########.##
.##......###
............#
##......##.#
#############
##......##..#
##......##..#####
##......##....#...
##......##..##.#.##


You could see an orc warrior and an adder.

Vanquished Creatures
  A hippogriff (D:7)
  A hungry ghost (D:6)
  3 ogres
  2 centaurs (D:6)
  A wight (D:7)
  A crimson imp (D:4)
  A jelly (D:5)
  3 orc priests
  A centaur skeleton (D:5)
  2 hounds
  An iguana (D:7)
  3 orc wizards
  7 worker ants
  4 gnolls
  7 adders
  3 shadow imps
  3 worms
  3 dart slugs
  6 leopard geckos
  12 orcs
  2 giant cockroaches
  5 goblins
  4 hobgoblins
  7 jackals
  4 quokkas
  5 bats
  3 frilled lizards
  A jackal skeleton (D:4)
  6 kobolds
  5 rats
107 creatures vanquished.

Notes
Turn   | Place    | Note
-------+----------+-------------------------------------------
     0 | Abyss:1  | MisterOstroum the Minotaur Abyssal Knight began the quest
                  | for the Orb.
     0 | Abyss:1  | Reached XP level 1. HP: 19/19 MP: 1/1
    92 | Abyss:1  | Noticed a freezing wraith
    92 | Abyss:1  | Noticed a wraith
    92 | Abyss:1  | Noticed a tentacled monstrosity
    93 | D:1      | Escaped the Abyss
   198 | D:1      | Reached * piety under Lugonu
   371 | D:1      | Reached XP level 2. HP: 27/27 MP: 2/2
  1311 | D:2      | Reached XP level 3. HP: 23/34 MP: 3/3
  1951 | D:2      | Reached XP level 4. HP: 41/41 MP: 4/4
  2255 | D:3      | Reached skill level 5 in Fighting
  2557 | D:3      | Reached ** piety under Lugonu
  2605 | D:3      | Found a glowing golden altar of the Shining One.
  2605 | D:3      | Found a stormy altar of Qazlal.
  2879 | D:3      | Reached XP level 5. HP: 48/48 MP: 6/6
  3239 | D:4      | Found a burning altar of Makhleb.
  3405 | D:4      | Noticed an ogre
  3497 | D:4      | Found an ancient bone altar of Kikubaaqudgha.
  3511 | D:4      | Reached skill level 5 in Polearms
  3599 | D:4      | Reached XP level 6. HP: 51/56 MP: 7/7
  3886 | D:4      | HP: 2/56 [something/puff of flame (2)]
  4307 | D:4      | You fall through a shaft for 3 floors!
  4308 | D:7      | Noticed a hippogriff
  4319 | D:7      | Killed a hippogriff
  4319 | D:7      | Reached XP level 7. HP: 44/64 MP: 8/8
  4357 | D:7      | Noticed a hungry ghost
  4413 | D:6      | Killed a hungry ghost
  4876 | D:7      | Found a white marble altar of Elyvilon.
  4891 | D:7      | Reached *** piety under Lugonu
  4891 | D:7      | Reached XP level 8. HP: 7/73 MP: 10/10
  5663 | D:5      | Entered Level 5 of the Dungeon
  5820 | D:5      | Reached skill level 5 in Invocations
  6130 | D:5      | Slain by an orc warrior

Skill      XL: |  1  2  3  4  5  6  7  8 |
---------------+-------------------------+-----
Fighting       | 4 5 6 7 8 |  8.2
Polearms       | 3 4 5 6 7 8 |  8.2
Invocations    | 2 3 4 5 |  5.1
Armour         | 4 |  4.2
Dodging        | |  1.1

Action                   |  1- 3 |  4- 6 |  7- 9 || total
-------------------------+-------+-------+-------++-------
Melee: Spear             |    90 |   146 |   146 ||   382
       Headbutt          |    13 |    22 |    33 ||    68
       Trident           |       |    49 |       ||    49
Invok: Depart the Abyss  |     1 |       |       ||     1
       Bend Space        |       |       |     3 ||     3
  Use: Potion            |       |     5 |       ||     5
       Scroll            |       |     3 |       ||     3
  Eat: Chunk             |     3 |     8 |    10 ||    21
Armor: Leather armour    |     6 |       |       ||     6
       Scale mail        |    14 |    75 |    59 ||   148
Dodge: Dodged            |    25 |    70 |    67 ||   162
